[Event "ICC Open 2015"]
[Site "Internet Chess Club"]
[Date "2015.05.30"]
[Round "5"]
[White "Discoverchess"]
[Black "Glamurius"]
[Result "0-1"]
[ICCResult "White resigns"]
[WhiteElo "2463"]
[BlackElo "3020"]
[Opening "English, 1...Nf6 (Anglo-Indian defense)"]
[ECO "A15"]
[NIC "EO.64"]
[Time "14:48:31"]
[TimeControl "180+0"]

1. c4 Nf6 2. g3 e5 3. Bg2 c6 4. d4 exd4 5. Qxd4 d5 6. Nf3 Be6 7. Ng5 Nbd7 8.
Nxe6 fxe6 9. O-O Bc5 10. Qd1 O-O 11. b3 Ng4 12. e3 Nxf2 13. Rxf2 Rxf2 14.
Kxf2 Qf6+ 15. Kg1 Qxa1 16. Qc2 Qe5 17. Qd3 Rf8 18. Nc3 Nf6 19. Ne2 Ng4 20.
Nd4 Bxd4 21. Qxd4 Qxd4 22. exd4 Nf6 23. Bf4 Kf7 24. Bd6 Re8 25. Kf2 a6 26.
h3 b5 27. c5 Nd7 28. Ke3 e5 29. Bf3 e4 30. Bg4 Nf6 31. Be2 h5 32. a4 g6 33.
Bf1 Re6 34. Be2 Ne8 35. Be5 Nf6 36. Kf4 Nd7 37. Bc7 Rf6+ 38. Ke3 Ke7 39. Bf4
Rf7 40. Bg5+ Ke8 41. Bf4 Nf8 42. Be5 Ne6 43. Bd6 Ng5 44. h4 Nf3 45. Bf4 Nh2
46. Bd1 Ng4+ 47. Kd2 Kd7 48. Be2 Kc8 49. a5 Kb7 50. b4 Kc8 51. Bxg4+ hxg4
52. Ke2 Kd7 53. Ke3 Ke6 54. Ke2 Rxf4 55. gxf4 Kf5 56. Ke3 g3 57. Ke2 Kxf4
58. Kf1 Kg4 59. Kg2 Kxh4 {White resigns} 0-1

[Event "ICC Open 2015"]
[Site "Internet Chess Club"]
[Date "2015.05.30"]
[Round "5"]
[White "fviana"]
[Black "LittlePeasant"]
[Result "0-1"]
[ICCResult "White resigns"]
[WhiteElo "2315"]
[BlackElo "2768"]
[Opening "Sicilian defense"]
[ECO "B40"]
[NIC "SI.43"]
[Time "14:47:59"]
[TimeControl "180+0"]

1. e4 c5 2. Nf3 e6 3. b3 Nf6 4. d3 d5 5. Qe2 Nc6 6. exd5 Nxd5 7. Bb2 Be7 8.
g3 Bf6 9. c4 Ndb4 10. Nc3 Nd4 11. Nxd4 Bxd4 12. a3 Nc6 13. Bg2 Bd7 14. O-O
O-O 15. Rad1 Rb8 16. Qc2 b6 17. Ne2 Bxb2 18. Qxb2 e5 19. f4 Qe7 20. Rfe1
exf4 21. Nxf4 Qd6 22. Nd5 Nd4 23. b4 h6 24. Qf2 Be6 25. Qf4 Qxf4 26. Nxf4
Bg4 27. Rd2 Rfe8 28. Rxe8+ Rxe8 29. h3 Bf3 30. Bf1 g5 31. Ng2 Bxg2 32. Kxg2
Re1 33. Rb2 Ra1 34. bxc5 bxc5 35. Rb8+ Kg7 36. Rc8 Ra2+ 37. Kh1 Nf3
{White resigns}
0-1

[Event "ICC Open 2015"]
[Site "Internet Chess Club"]
[Date "2015.05.30"]
[Round "5"]
[White "bjerky"]
[Black "MadMad"]
[Result "0-1"]
[ICCResult "White resigns"]
[WhiteElo "1642"]
[BlackElo "1437"]
[Opening "Bird's opening"]
[ECO "A02"]
[NIC "VO.07"]
[Time "14:48:39"]
[TimeControl "180+0"]

1. f4 Nf6 2. g3 g6 3. Bg2 Bg7 4. e3 O-O 5. Nf3 d6 6. d3 c5 7. O-O Nc6 8.
Nbd2 Bd7 9. h3 Rb8 10. a4 a6 11. Rb1 b5 12. axb5 axb5 13. b3 b4 14. Bb2 Qc7
15. e4 Nh5 16. Kh2 Bxb2 17. Rxb2 Ng7 18. Nc4 f5 19. e5 dxe5 20. Nfxe5 Nxe5
21. Nxe5 Be6 22. Qe2 Qd6 23. Rbb1 Rb6 24. Rbe1 Re8 25. Nc4 Bxc4 26. bxc4 e6
27. Qe5 Qxe5 28. Rxe5 Ra6 29. Rxc5 Ra2 30. Rf2 Rb2 31. Rb5 Rd8 32. c5 Rc8
33. c6 Kf7 34. Rb7+ Kf6 35. c7 Ne8 36. Re2 Rxc7 37. Rxc7 Nxc7 38. Bf3 Nb5
39. Kg1 Nd4 40. Rf2 Nxf3+ 41. Rxf3 Rxc2 42. Rf1 b3 43. Rb1 b2 44. Kf1 Rc1+
45. Ke2 Rxb1 {White resigns} 0-1

[Event "ICC Open 2015"]
[Site "Internet Chess Club"]
[Date "2015.05.30"]
[Round "5"]
[White "HPG1947"]
[Black "RaptureMan"]
[Result "0-1"]
[ICCResult "White forfeits on time"]
[WhiteElo "1789"]
[BlackElo "2225"]
[Opening "Mieses opening"]
[ECO "A00"]
[NIC "KP.07"]
[Time "14:48:43"]
[TimeControl "180+0"]

1. d3 e5 2. Nf3 Nc6 3. e4 Bc5 4. Be2 Nf6 5. O-O h6 6. c3 O-O 7. d4 exd4 8.
cxd4 Bb6 9. d5 Nb8 10. e5 Ne8 11. Nc3 d6 12. Bf4 dxe5 13. Nxe5 Nd7 14. Nc4
Ndf6 15. a4 Bc5 16. Bf3 Nd6 17. Ne5 Bf5 18. Re1 Re8 19. Qb3 Rb8 20. a5 a6
21. Rad1 Nd7 22. Nc4 Nf6 23. h3 Rxe1+ 24. Rxe1 Nxc4 25. Qxc4 Bd6 26. Be5
Bxe5 {White forfeits on time} 0-1

[Event "ICC Open 2015"]
[Site "Internet Chess Club"]
[Date "2015.05.30"]
[Round "5"]
[White "Andrei21"]
[Black "Iandmyself"]
[Result "1-0"]
[ICCResult "Black resigns"]
[WhiteElo "2899"]
[BlackElo "2502"]
[Opening "King's Indian: 5.Nf3"]
[ECO "E90"]
[NIC "KI.20"]
[Time "14:48:42"]
[TimeControl "180+0"]

1. d4 Nf6 2. c4 g6 3. Nc3 Bg7 4. e4 d6 5. Nf3 O-O 6. h3 c5 7. d5 e6 8. Bd3
a6 9. O-O exd5 10. exd5 b5 11. cxb5 axb5 12. Bxb5 Bb7 13. Bf4 Na6 14. Bc4
Nc7 15. Qd2 Qd7 16. a4 Rfe8 17. b3 Ne4 18. Nxe4 Rxe4 19. Rae1 Rae8 20. Rxe4
Rxe4 21. Bh6 Bxh6 22. Qxh6 f6 23. Rd1 Qf5 24. Bd3 Bxd5 25. Bxe4 Bxe4 26.
Rxd6 Bxf3 27. Rd8+ Kf7 28. Qxh7+ Ke6 29. Qd7+ {Black resigns} 1-0

[Event "ICC Open 2015"]
[Site "Internet Chess Club"]
[Date "2015.05.30"]
[Round "5"]
[White "MJXII"]
[Black "HardAsfalt"]
[Result "1-0"]
[ICCResult "Black checkmated"]
[WhiteElo "1537"]
[BlackElo "1673"]
[Opening "KGA: Schallop defense"]
[ECO "C34"]
[NIC "KG.02"]
[Time "14:48:52"]
[TimeControl "180+0"]

1. e4 e5 2. f4 exf4 3. Nf3 Nf6 4. e5 Ng4 5. d4 c5 6. c3 cxd4 7. cxd4 Nc6 8.
Bc4 d5 9. Bb3 Bb4+ 10. Nc3 Qa5 11. O-O O-O 12. h3 Bxc3 13. hxg4 Bxg4 14.
bxc3 Qxc3 15. Bd2 Bxf3 16. Bxc3 Bxd1 17. Raxd1 a5 18. Bxd5 Nb4 19. Bxb4 axb4
20. Bb3 Rad8 21. Rxf4 h6 22. d5 g5 23. Re4 Kg7 24. d6 Rd7 25. g4 Kg6 26. Kg2
f5 27. gxf5+ Kxf5 28. Re2 Kg6 29. e6 Rg7 30. e7 Re8 31. Ba4 b5 32. Bxb5 Ra8
33. e8=Q+ Rxe8 34. Bxe8+ Kf5 35. d7 Rxd7 36. Bxd7+ Kg6 37. Rd4 Kh5 38. Rxb4
g4 39. Ree4 Kg5 40. Rxg4+ Kh5 41. Be8# {Black checkmated} 1-0

[Event "ICC Open 2015"]
[Site "Internet Chess Club"]
[Date "2015.05.30"]
[Round "5"]
[White "jps7"]
[Black "bc18917"]
[Result "0-1"]
[ICCResult "White checkmated"]
[WhiteElo "1569"]
[BlackElo "1764"]
[Opening "King's Indian: East Indian defense"]
[ECO "A48"]
[NIC "QP.06"]
[Time "14:48:19"]
[TimeControl "180+0"]

1. d4 Nf6 2. Nf3 g6 3. Nc3 d5 4. Bf4 Bg7 5. h4 c5 6. e3 Nc6 7. Ne5 cxd4 8.
exd4 Ne4 9. Bb5 Qb6 10. Bxc6+ bxc6 11. Nxe4 dxe4 12. Qc1 Ba6 13. c3 c5 14.
Be3 Qc7 15. Ng4 O-O 16. dxc5 f5 17. Nh6+ Kh8 18. Bd4 e5 19. Be3 f4 20. Ng4
fxe3 21. Qxe3 Bd3 22. f3 exf3 23. Qxd3 fxg2 24. Rg1 e4 25. Qd6 Qb7 26. O-O-O
Rab8 27. b3 Bxc3 28. Qd7 Qb4 29. Ne3 Qa3+ 30. Kc2 Qb2# {White checkmated}
0-1

[Event "ICC Open 2015"]
[Site "Internet Chess Club"]
[Date "2015.05.30"]
[Round "5"]
[White "bigali"]
[Black "DDT3000"]
[Result "0-1"]
[ICCResult "White resigns"]
[WhiteElo "1667"]
[BlackElo "2120"]
[Opening "Caro-Kann: classical variation"]
[ECO "B18"]
[NIC "CK.10"]
[Time "14:48:49"]
[TimeControl "180+0"]

1. e4 c6 2. d4 d5 3. Nc3 dxe4 4. Nxe4 Bf5 5. Ng3 Bg6 6. Nf3 Nd7 7. Bd3 e6 8.
O-O Ngf6 9. Bg5 Be7 10. Bxg6 hxg6 11. Re1 O-O 12. c3 Nd5 13. Bxe7 Nxe7 14.
Ng5 c5 15. dxc5 Nxc5 16. Re2 Nf5 17. Nxf5 gxf5 18. Nf3 Qf6 19. Rd2 Rad8 20.
h3 Ne4 21. Rxd8 Rxd8 22. Qc2 a6 23. Rd1 Qe7 24. Rxd8+ Qxd8 25. Nd4 Qd5 26.
a3 g6 27. f3 Nd6 28. Qb3 Qc5 29. Kf1 e5 30. Ne2 b5 31. Qd1 Nc4 32. Qd8+ Kg7
33. Qd3 Nxb2 34. Qc2 Nc4 35. g4 Ne3+ {White resigns} 0-1

[Event "ICC Open 2015"]
[Site "Internet Chess Club"]
[Date "2015.05.30"]
[Round "5"]
[White "Nos"]
[Black "jefferyx"]
[Result "0-1"]
[ICCResult "White resigns"]
[WhiteElo "2374"]
[BlackElo "2854"]
[Opening "Réti opening"]
[ECO "A04"]
[NIC "QP.11"]
[Time "14:48:11"]
[TimeControl "180+0"]

1. Nf3 b5 2. g3 Bb7 3. Bg2 g5 4. O-O g4 5. Ne1 Bxg2 6. Nxg2 Nc6 7. d4 Bg7 8.
c3 h5 9. Bf4 Nf6 10. Na3 Rb8 11. Nc2 Rb6 12. Qd3 d5 13. b4 a6 14. a4 e6 15.
axb5 axb5 16. Ra2 O-O 17. Na1 Ne4 18. Nb3 Qe7 19. f3 Nd6 20. Nc5 Nf5 21. e4
Nfxd4 22. cxd4 Nxb4 23. Qd2 Nxa2 24. Ra1 gxf3 25. Nh4 dxe4 26. Rxa2 Rd8 27.
Be3 f5 28. Qb4 Qd6 29. Rd2 Ra8 30. Qb3 Kh7 31. d5 Ra1+ 32. Kf2 Rh1 33. Nxe6
Rxh2+ 34. Kg1 Qxg3+ {White resigns} 0-1

[Event "ICC Open 2015"]
[Site "Internet Chess Club"]
[Date "2015.05.30"]
[Round "5"]
[White "ShadowLike"]
[Black "Colombiano07"]
[Result "1-0"]
[ICCResult "Black resigns"]
[WhiteElo "2235"]
[BlackElo "1856"]
[Opening "Robatsch defense"]
[ECO "B06"]
[NIC "KF.05"]
[Time "14:49:54"]
[TimeControl "180+0"]

1. e4 g6 2. d4 Bg7 3. Nc3 c5 4. d5 Bxc3+ 5. bxc3 Qa5 6. Bd2 Nf6 7. f3 O-O 8.
c4 Qa4 9. Bd3 d6 10. Ne2 e6 11. h4 exd5 12. cxd5 c4 13. Nc3 Qb4 14. Be2 Qc5
15. Qc1 b5 16. Be3 Qb4 17. Bd4 Nfd7 18. Rb1 Qa5 19. Qh6 Ne5 20. h5 Qc7 21.
Nxb5 Qe7 22. hxg6 fxg6 23. Nxd6 Nbd7 24. f4 {Black resigns} 1-0

[Event "ICC Open 2015"]
[Site "Internet Chess Club"]
[Date "2015.05.30"]
[Round "5"]
[White "maopalov"]
[Black "abdrman"]
[Result "1-0"]
[ICCResult "Black checkmated"]
[WhiteElo "1687"]
[BlackElo "1269"]
[Opening "Queen's pawn game"]
[ECO "A46"]
[NIC "QP.05"]
[Time "14:48:19"]
[TimeControl "180+0"]

1. d4 Nf6 2. Nf3 e6 3. Bf4 d5 4. e3 Nbd7 5. h3 c5 6. c3 Be7 7. Nbd2 Qb6 8.
Qb3 Qc6 9. Be2 c4 10. Qc2 O-O 11. O-O Nh5 12. Bh2 f5 13. Ne5 Nxe5 14. Bxe5
Bd6 15. Bxh5 Bxe5 16. dxe5 Qc7 17. f4 Qe7 18. Be2 Bd7 19. Nf3 Be8 20. b3 b5
21. a4 Qc5 22. Nd4 Bd7 23. axb5 Rfe8 24. bxc4 dxc4 25. Kh1 Bxb5 26. Nxb5
Qxb5 27. Rfb1 Qc5 28. Qc1 a5 29. Bf3 Rab8 30. Rxb8 Rxb8 31. Qd2 h6 32. Qd6
Qa7 33. Qxe6+ Kf8 34. Qxf5+ Kg8 35. Bd5+ Kh8 36. e6 Qxe3 37. Be4 Qxc3 38.
Qh7# {Black checkmated} 1-0

[Event "ICC Open 2015"]
[Site "Internet Chess Club"]
[Date "2015.05.30"]
[Round "5"]
[White "balion"]
[Black "Pkopsa"]
[Result "0-1"]
[ICCResult "White checkmated"]
[WhiteElo "1530"]
[BlackElo "1591"]
[Opening "Robatsch defense: two knights variation"]
[ECO "B06"]
[NIC "KF.06"]
[Time "14:49:04"]
[TimeControl "180+0"]

1. e4 g6 2. Nc3 d6 3. d4 Bg7 4. Nf3 Nc6 5. Be2 e5 6. d5 Nce7 7. O-O f5 8.
exf5 gxf5 9. Ng5 Nf6 10. Bh5+ Nxh5 11. Qxh5+ Ng6 12. f4 e4 13. Ngxe4 fxe4
14. Nxe4 Qh4 15. Qf3 Bg4 16. Qe3 O-O-O 17. g3 Qh5 18. Qxa7 Qxd5 19. Qa8+ Kd7
20. Qa4+ b5 21. Qb4 Bd4+ 22. Nf2 Bh3 23. c4 Qg2# {White checkmated} 0-1

[Event "ICC Open 2015"]
[Site "Internet Chess Club"]
[Date "2015.05.30"]
[Round "5"]
[White "Hareaum"]
[Black "triumphant1"]
[Result "0-1"]
[ICCResult "White checkmated"]
[WhiteElo "1757"]
[BlackElo "2142"]
[Opening "Queen's pawn, Mason variation"]
[ECO "D00"]
[NIC "QP.08"]
[Time "14:49:28"]
[TimeControl "180+0"]

1. d4 d5 2. Bf4 Nf6 3. e3 Bf5 4. Nf3 c6 5. Bd3 e6 6. Bxf5 exf5 7. O-O Bd6 8.
Bxd6 Qxd6 9. Nbd2 Nbd7 10. c4 O-O 11. c5 Qc7 12. b4 a5 13. a3 axb4 14. axb4
Ne4 15. Qb3 f4 16. Nxe4 dxe4 17. Nd2 Nf6 18. Qc2 Qd7 19. Rxa8 Rxa8 20. exf4
Qf5 21. g3 Qh3 22. Nxe4 Ng4 23. f3 Ne3 24. Qf2 Ra2 25. Ng5 Rxf2 26. Rxf2 Qf5
27. Re2 Qb1+ 28. Kf2 Nd1+ 29. Kg2 g6 30. Re7 Qb2+ 31. Kh3 Nf2+ 32. Kh4 Nd3
33. h3 Nxf4 34. gxf4 Qf2+ 35. Kg4 h5# {White checkmated} 0-1

[Event "ICC Open 2015"]
[Site "Internet Chess Club"]
[Date "2015.05.30"]
[Round "5"]
[White "safadi001"]
[Black "Smokie"]
[Result "1-0"]
[ICCResult "Black resigns"]
[WhiteElo "1760"]
[BlackElo "1429"]
[Opening "Sicilian: Smith-Morra gambit"]
[ECO "B21"]
[NIC "SI.48"]
[Time "14:48:47"]
[TimeControl "180+0"]

1. e4 c5 2. d4 cxd4 3. c3 dxc3 4. Nxc3 Nc6 5. Nf3 d6 6. Bc4 g6 7. O-O Bg7 8.
Ng5 e6 9. Nb5 Ke7 10. Qf3 Ne5 11. Qc3 h6 12. Rd1 hxg5 13. Rxd6 Nxc4 14.
Bxg5+ f6 15. Rxd8 Kxd8 16. Qxc4 fxg5 17. Qc7+ Ke8 18. Nd6+ {Black resigns}
1-0

[Event "ICC Open 2015"]
[Site "Internet Chess Club"]
[Date "2015.05.30"]
[Round "5"]
[White "GeneraLisimus"]
[Black "JW"]
[Result "0-1"]
[ICCResult "White resigns"]
[WhiteElo "3196"]
[BlackElo "2581"]
[Opening "English: Sicilian reversed"]
[ECO "A25"]
[NIC "EO.20"]
[Time "14:49:11"]
[TimeControl "180+0"]

1. c4 e5 2. Nc3 Nc6 3. g3 f5 4. Bg2 Nf6 5. d3 Bb4 6. Bd2 O-O 7. Nf3 d6 8.
O-O Bxc3 9. Bxc3 a5 10. e3 Qe8 11. Nd2 b6 12. d4 e4 13. b3 Nb4 14. d5 Ng4
15. h3 Ne5 16. a3 Nbd3 17. f4 Nd7 18. Kh2 a4 19. b4 b5 20. cxb5 Nb6 21. Bd4
Nxd5 22. Qc2 Qxb5 23. g4 c5 24. bxc5 dxc5 25. Rab1 Qd7 26. Bxc5 Qc6 27. Rfc1
Nxc1 28. Rxc1 Re8 29. gxf5 Bxf5 30. Nxe4 Kh8 31. Qc4 Nxf4 32. exf4 Bxe4 33.
Bf1 Rab8 34. Qd4 Rbd8 35. Qf2 Rd5 36. Be3 Qd7 37. Rc4 Bd3 38. Bxd3 Rxd3 39.
Bc1 Rd1 40. Be3 Qd5 41. Qg2 Qxc4 {White resigns} 0-1

[Event "ICC Open 2015"]
[Site "Internet Chess Club"]
[Date "2015.05.30"]
[Round "5"]
[White "Womacka"]
[Black "FedoseevVl95"]
[Result "0-1"]
[ICCResult "White forfeits on time"]
[WhiteElo "2448"]
[BlackElo "3059"]
[Opening "French: Tarrasch, closed variation"]
[ECO "C05"]
[NIC "FR.17"]
[Time "14:47:59"]
[TimeControl "180+0"]

1. e4 e6 2. d4 d5 3. Nd2 Nf6 4. e5 Nfd7 5. Bd3 c5 6. c3 Nc6 7. Ne2 g6 8. Nf3
Qc7 9. h4 h6 10. Nf4 Ne7 11. a3 b6 12. Kf1 Bb7 13. b4 Bg7 14. a4 Nc6 15. Bd2
Ne7 16. a5 O-O 17. Ne2 cxb4 18. cxb4 bxa5 19. bxa5 Nb8 20. Rc1 Qd7 21. Rb1
Ba6 22. Bxa6 Nxa6 23. Qc1 Rfc8 24. Nc3 Rc4 25. Bxh6 Rxc3 26. Qxc3 Bxh6 27.
h5 Rc8 28. Qb3 g5 29. Nh2 Nf5 30. Ng4 Kg7 31. Qd3 Qc6 32. Ke2 Qc2+ 33. Qxc2
Rxc2+ 34. Kd3 Rc4 35. Rb7 Rxd4+ 36. Kc3 Rxg4 37. Rxa7 Rc4+ 38. Kb2 Nc5 39.
Ka2 Nd4 40. Rb1 Nc6 41. Rc7 Nxa5 42. Rb5 Nd3 {White forfeits on time} 0-1

[Event "ICC Open 2015"]
[Site "Internet Chess Club"]
[Date "2015.05.30"]
[Round "5"]
[White "OptimusMagister"]
[Black "BlitzPawn94"]
[Result "0-1"]
[ICCResult "White forfeits on time"]
[WhiteElo "2275"]
[BlackElo "2691"]
[Opening "Robatsch defense"]
[ECO "A00"]
[NIC "VO.15"]
[Time "14:47:59"]
[TimeControl "180+0"]

1. Nc3 g6 2. d4 Bg7 3. e4 b6 4. Be3 Bb7 5. Qd2 e6 6. h4 h6 7. f3 d6 8. a4 a6
9. Nge2 Ne7 10. Nc1 Nd7 11. Be2 c5 12. Nb3 Qc7 13. Rd1 c4 14. Nc1 d5 15. Bf4
Qc6 16. O-O b5 17. axb5 axb5 18. exd5 Nxd5 19. Nxd5 Qxd5 20. c3 h5 21. Rfe1
O-O 22. Bf1 Qf5 23. Ne2 Kh7 24. Ng3 Qd5 25. Ne4 Nf6 26. Ng5+ Kg8 27. Be5 Qd7
28. Qc2 Bd5 29. Ra1 Qb7 30. Qd2 Ne8 31. Bxg7 Nxg7 32. Rxa8 Rxa8 33. Ne4 Bxe4
34. fxe4 Qe7 35. g3 Rd8 36. Qf2 Ne8 37. Bg2 Nd6 38. e5 Nf5 39. Be4 Kg7 40.
Bxf5 exf5 41. Ra1 Qb7 42. Qg2 Rd5 43. Re1 Qd7 44. Qf3 b4 45. Qe3 b3 46. Kf2
Ra5 47. e6 Qxe6 48. Qxe6 fxe6 49. Rxe6 Ra2 50. Re2 Kf6 51. Ke3 Ra1 52. d5
Ke5 53. Rd2 Re1+ 54. Kf3 Kd6 55. Kf4 Re4+ 56. Kg5 Rg4+ 57. Kf6 Rxg3 58. Re2
f4 59. Rf2 f3 60. Kg7 Rg2 61. Kf6 Rxf2 {White forfeits on time} 0-1

[Event "ICC Open 2015"]
[Site "Internet Chess Club"]
[Date "2015.05.30"]
[Round "5"]
[White "obt"]
[Black "NICO"]
[Result "0-1"]
[ICCResult "White resigns"]
[WhiteElo "1986"]
[BlackElo "2317"]
[Opening "Sicilian: Kan, 5.Nc3"]
[ECO "B43"]
[NIC "SI.44"]
[Time "14:48:45"]
[TimeControl "180+0"]

1. e4 c5 2. Nc3 a6 3. Nf3 e6 4. d4 cxd4 5. Nxd4 Qc7 6. a3 Nf6 7. Be2 Be7 8.
Be3 b5 9. f4 d6 10. Bf3 Bb7 11. Qe2 O-O 12. O-O Nbd7 13. Rfd1 Rfe8 14. Qf2
Bf8 15. Kh1 Rac8 16. Nb3 d5 17. exd5 Nxd5 18. Nxd5 Bxd5 19. Bxd5 exd5 20.
Rxd5 Nf6 21. Rd2 Ng4 22. Qg3 Nxe3 23. Nd4 Nc4 24. Rf2 Re3 25. Qg4 Rce8 26.
Raf1 R3e4 27. Nf5 Ne3 28. Nxe3 Rxe3 29. c3 Re1 30. f5 Qc4 31. Kg1 Qxg4
{White resigns}
0-1

[Event "ICC Open 2015"]
[Site "Internet Chess Club"]
[Date "2015.05.30"]
[Round "5"]
[White "BennieHill"]
[Black "Steingrim89"]
[Result "0-1"]
[ICCResult "White forfeits on time"]
[WhiteElo "1217"]
[BlackElo "1589"]
[Opening "French defense"]
[ECO "C00"]
[NIC "FR.01"]
[Time "14:48:01"]
[TimeControl "180+0"]

1. e4 e6 2. Nf3 d5 3. e5 c5 4. c3 Nc6 5. Bb5 Ne7 6. d4 Ng6 7. Bg5 Be7 8.
Bxe7 Qxe7 9. O-O a6 10. Bd3 c4 11. Bxg6 hxg6 12. Qd2 Bd7 13. Qf4 O-O-O 14.
Ng5 Rdf8 15. Nd2 f6 16. exf6 gxf6 17. Nh3 e5 18. dxe5 fxe5 19. Qg5 Bxh3 20.
Qxe7 Nxe7 21. gxh3 Rxh3 22. Kg2 Rfh8 23. Rh1 e4 24. Rae1 Kd7 25. Re3 Rxe3
26. fxe3 Nf5 27. Nf1 Ke6 28. h3 Ke5 29. b3 b5 30. a4 cxb3 31. Nh2 bxa4 32.
Ng4+ Kd6 33. Kf2 a3 34. Ke2 b2 35. Kd2 Rb8 36. Kc2 a2 37. Nf2 Nxe3+ 38. Kd2
b1=Q 39. Kxe3 a1=Q 40. Rxb1 Qxb1 41. Kf4 Rf8+ {White forfeits on time} 0-1

[Event "ICC Open 2015"]
[Site "Internet Chess Club"]
[Date "2015.05.30"]
[Round "5"]
[White "Prof-chess"]
[Black "playwaycool"]
[Result "1-0"]
[ICCResult "Black resigns"]
[WhiteElo "2706"]
[BlackElo "2341"]
[Opening "Ruy Lopez: closed, Keres (...Nd7) defense"]
[ECO "C96"]
[NIC "RL.23"]
[Time "14:48:17"]
[TimeControl "180+0"]

1. e4 e5 2. Nf3 Nc6 3. Bb5 a6 4. Ba4 Nf6 5. O-O Be7 6. Re1 b5 7. Bb3 d6 8.
c3 O-O 9. h3 Na5 10. Bc2 c5 11. d4 Nd7 12. Nbd2 exd4 13. cxd4 Nc6 14. d5
Nce5 15. Nh2 Bf6 16. f4 Ng6 17. Ndf3 Re8 18. Ng4 Be7 19. e5 Bb7 20. e6 fxe6
21. dxe6 Nf6 22. f5 Nxg4 23. fxg6 Nf6 24. gxh7+ Nxh7 25. Bg6 Rf8 26. Bf7+
Kh8 27. Bf4 b4 28. Re3 Ra7 29. Rd3 c4 30. Rxd6 Bxd6 31. Qxd6 Bxf3 32. Qxd8
Rxd8 33. gxf3 Rxf7 34. exf7 Rf8 35. Rc1 Rxf7 36. Rxc4 a5 37. Rc8+ Rf8 38.
Rxf8+ Nxf8 39. Bc7 Nd7 40. Bxa5 b3 41. axb3 Nc5 42. b4 Nb7 43. Bc7 Kg8 44.
Kf2 Kf7 45. b5 Ke6 46. b6 g6 47. Ke3 Kf5 48. b4 Ke6 49. Kf4 Kf6 50. h4 Ke6
51. Kg5 Kf7 52. f4 Kg7 53. f5 gxf5 54. Kxf5 Kf7 55. Ke5 Ke7 56. Kd5 Kd7 57.
h5 Ke7 58. h6 Kf7 59. Kc6 Nd8+ 60. Bxd8 Kg6 61. b7 Kh7 62. b8=Q Kg8 63. Qg3+
Kf8 64. Qg7+ {Black resigns} 1-0

[Event "ICC Open 2015"]
[Site "Internet Chess Club"]
[Date "2015.05.30"]
[Round "5"]
[White "beaupre"]
[Black "Estocolmov"]
[Result "0-1"]
[ICCResult "White resigns"]
[WhiteElo "1826"]
[BlackElo "2252"]
[Opening "Pirc: classical, h3 system"]
[ECO "B08"]
[NIC "PU.10"]
[Time "14:48:56"]
[TimeControl "180+0"]

1. e4 d6 2. d4 Nf6 3. Nc3 g6 4. Nf3 Bg7 5. h3 O-O 6. Be3 Nbd7 7. Qd2 c6 8.
Bh6 b5 9. Bxg7 Kxg7 10. a3 Qc7 11. h4 h5 12. Bd3 Bb7 13. Ng5 a5 14. f4 b4
15. Ne2 c5 16. f5 c4 17. fxg6 cxd3 18. cxd3 Qb6 19. gxf7 Rxf7 20. Ne6+ Kh7
21. Qg5 Rg8 22. Qf5+ Kh8 23. e5 Qb5 24. exf6 Qxf5 25. N6f4 Rxf6 26. Rf1 Bxg2
27. Rf2 Qg4 28. O-O-O e5 29. Nxg2 Rxf2 30. Rg1 Rxg2 {White resigns} 0-1

[Event "ICC Open 2015"]
[Site "Internet Chess Club"]
[Date "2015.05.30"]
[Round "5"]
[White "MD1"]
[Black "RaiseTheCurve"]
[Result "1-0"]
[ICCResult "Black checkmated"]
[WhiteElo "1664"]
[BlackElo "1932"]
[Opening "Réti: King's Indian attack, Spassky's variation"]
[ECO "A05"]
[NIC "QP.11"]
[Time "14:49:08"]
[TimeControl "180+0"]

1. Nf3 Nf6 2. g3 b5 3. Bg2 Bb7 4. O-O a6 5. d4 e6 6. Bf4 c5 7. dxc5 Bxc5 8.
Nc3 O-O 9. a4 b4 10. Na2 a5 11. c3 Na6 12. cxb4 axb4 13. Nc1 Rc8 14. Nd3 Ba7
15. b3 Qa5 16. Be5 Ne4 17. Nd4 d5 18. e3 Nc3 19. Qg4 g6 20. Qh4 Bxd4 21.
exd4 f6 22. Bxf6 Qc7 23. Be5 Qd8 24. Qh6 Rf7 25. Bh3 Qe7 26. Nf4 Rc6 27.
Nxg6 Ne2+ 28. Kh1 hxg6 29. Qh8# {Black checkmated} 1-0

[Event "ICC Open 2015"]
[Site "Internet Chess Club"]
[Date "2015.05.30"]
[Round "5"]
[White "fredericton"]
[Black "Agilemaster"]
[Result "0-1"]
[ICCResult "White forfeits on time"]
[WhiteElo "1779"]
[BlackElo "2026"]
[Opening "Ruy Lopez: Schliemann defense"]
[ECO "C63"]
[NIC "RL.06"]
[Time "14:48:07"]
[TimeControl "180+0"]

1. e4 e5 2. Nf3 Nc6 3. Bb5 f5 4. d3 fxe4 5. dxe4 Nf6 6. Nc3 Bc5 7. Bg5 d6 8.
Qe2 Be6 9. Nd5 a6 10. Bc4 Bxd5 11. Bxd5 Qd7 12. O-O-O O-O-O 13. Qc4 Kb8 14.
Be3 Bxe3+ 15. fxe3 Nxd5 16. exd5 Ne7 17. Rd3 h6 18. Rb3 Ka7 19. Rd1 Nc8 20.
Nd2 Nb6 21. Qb4 Qa4 22. Qc3 Qxa2 23. Ra3 Qxd5 24. e4 Qc6 25. Qb3 Rhf8 26.
Nf3 g5 27. h3 Rf4 28. Rd3 Rxe4 29. Kb1 Rf8 30. Rc3 Rc4 31. Rxc4 Qxc4 32.
Qxc4 Nxc4 33. Rc3 Nb6 34. Rxc7 e4 35. Nd4 Rf1+ 36. Ka2 Rf2 37. Nc6+ Ka8 38.
Ne7 Rf8 39. Ng6 Re8 40. Rh7 e3 41. Rxh6 e2 {White forfeits on time} 0-1

[Event "ICC Open 2015"]
[Site "Internet Chess Club"]
[Date "2015.05.30"]
[Round "5"]
[White "Sc6"]
[Black "kshakes"]
[Result "0-1"]
[ICCResult "White forfeits on time"]
[WhiteElo "1715"]
[BlackElo "1554"]
[Opening "Owen defense"]
[ECO "B00"]
[NIC "VO.01"]
[Time "14:47:57"]
[TimeControl "180+0"]

1. e4 b6 2. Nf3 Ba6 3. d3 d5 4. Nc3 dxe4 5. Nxe4 e6 6. Be2 Nf6 7. Bg5 Be7 8.
O-O Nd5 9. Bxe7 Qxe7 10. Qd2 Nd7 11. Rfe1 O-O 12. c4 N5f6 13. b3 c5 14. Bf1
Rad8 15. Qc3 Nh5 16. d4 cxd4 17. Nxd4 Bb7 18. Rad1 Nf4 19. Qg3 Ng6 20. Nb5
a6 21. Nbd6 Ba8 22. Rd2 f5 23. Ng5 e5 24. Nf3 Bxf3 25. Qxf3 e4 26. Qc3 Nde5
27. c5 Qc7 28. b4 b5 29. Qb3+ Nc4 30. Bxc4+ bxc4 31. Qxc4+ Kh8 32. Qxa6 Ne5
33. Qb5 Nd3 34. Red1 Rb8 35. Qa5 Qc6 36. Nc4 Qd5 37. a3 Qxc4 38. Qc7 Rfc8
{White forfeits on time}
0-1

[Event "ICC Open 2015"]
[Site "Internet Chess Club"]
[Date "2015.05.30"]
[Round "5"]
[White "Giantvin"]
[Black "Svinotigr"]
[Result "1-0"]
[ICCResult "Black resigns"]
[WhiteElo "1997"]
[BlackElo "1689"]
[Opening "Old Indian defense"]
[ECO "A42"]
[NIC "OI.07"]
[Time "14:48:09"]
[TimeControl "180+0"]

1. d4 d6 2. c4 Nd7 3. Nf3 e5 4. e4 Qe7 5. d5 g6 6. Nc3 Bg7 7. Nb5 Nc5 8. Qc2
a6 9. Nc3 Nf6 10. b4 Ncd7 11. Be3 h5 12. c5 dxc5 13. bxc5 Nxc5 14. Be2 O-O
15. O-O b6 16. a4 a5 17. Bxc5 bxc5 18. Nb5 Ba6 19. Rfd1 Rab8 20. Rac1 Bxb5
21. Bxb5 Nd7 22. Bxd7 Qxd7 23. Qxc5 Qxa4 24. Qc4 Rb4 25. Qxc7 Rxe4 26. d6
Bf6 27. d7 Bd8 28. Qc5 Qb4 29. Nxe5 Bf6 30. Nc6 Qxc5 31. Rxc5 Bd8 32. Nxd8
Re7 33. Nc6 {Black resigns} 1-0